 Dungeon Crawl Stone Soup version 0.20.1-1-g8b1a95d (webtiles) character file.

46 Peloso the Skirmisher (level 3, 0/29 HPs)
             Began as a Demonspawn Fighter on Aug 3, 2017.
             Hit by a goblin thrown by Robin (1 damage)
             ... on level 2 of the Dungeon.
             The game lasted 00:02:25 (1571 turns).

Peloso the Skirmisher (Demonspawn Fighter)          Turns: 1571, Time: 00:02:25

Health: 0/29       AC: 11    Str: 17    XL:     3   Next: 44%
Magic:  3/3        EV:  4    Int:  9    God:
Gold:   86         SH:  9    Dex: 12    Spells: 2/2 levels left

rFire    . . .     SeeInvis .   a - +0 long sword
rCold    . . .     Gourm    .   c - +0 shield
rNeg     . . .     Faith    .   k - +0 chain mail
rPois    .         Spirit   .   (no helmet)
rElec    .         Reflect  .   (no cloak)
rCorr    .         Harm     .   (no gloves)
MR       .....                  (no boots)
Stlth    ..........             (no amulet)
Regen    0.1/turn               (no ring)
MPRegen  0.1/turn               (no ring)

@: no status effects
A: thin metallic scales 1
a: no special abilities


You were on level 2 of the Dungeon.
You were not hungry.

You visited 1 branch of the dungeon, and saw 2 of its levels.

You collected 86 gold pieces.

Inventory:

Hand Weapons
 a - a +0 long sword (weapon)
Armour
 b - a +0 scale mail
 c - a +0 shield (worn)
 k - a +0 chain mail (worn)
Scrolls
 g - 2 scrolls of identify {unknown}
 i - a scroll of enchant weapon {unknown}
 l - 2 scrolls of teleportation {unknown}
Potions
 d - a potion of might
Comestibles
 f - a bread ration
 h - a royal jelly
 m - 2 fruits
 n - 4 chunks of flesh


   Skills:
 + Level 3.4 Fighting
 + Level 2.1 Long Blades
 + Level 3.2 Armour
 + Level 0.1 Dodging
 + Level 0.2 Stealth
 + Level 2.9 Shields


You had 2 spell levels left.
You didn't know any spells.

Dungeon Overview and Level Annotations

Branches:
Dungeon (2/15)

Altars:
Kikubaaqudgha
Okawaru

Annotations:
D:2 2 transporters, Robin, Terence


Innate Abilities, Weirdness & Mutations

You are partially covered in thin metallic scales. (AC +2)


Message History

The goblin is moderately wounded.
The goblin hits you but does no damage. The goblin hits you.
The goblin hits you but does no damage.
Unknown command.
You miss the goblin.
The goblin is moderately wounded.
You block the goblin's attack. The goblin hits you but does no damage.
Unknown command.
You closely miss the goblin. The goblin hits you.
* * * LOW HITPOINT WARNING * * *
The goblin hits you with a club.
* * * LOW HITPOINT WARNING * * *
The goblin barely misses you.
You riposte.
Your chain mail prevents you from hitting the goblin.
Unknown command.
You closely miss the goblin. You block the goblin's attack.
The goblin barely misses you.
You riposte.
You hit the goblin.
You kill the goblin!
Robin throws the goblin at you!
You die...

####### ##!....##
##$...$..##
#........g#####
#.......gg)@g.#
#........g###.##
#.........##...######
#.[......†..gg.....g.
#......).#########..#
#.......##8Zr_$)8##..
#......)#..(!$($..#..
#.......#....)....#..
#.......#.........#@#


You could see Robin, 3 hobgoblins and a goblin.

Vanquished Creatures
  An adder (D:2)
  An ooze (D:1)
  A dart slug (D:2)
  A leopard gecko (D:2)
  2 bats
  10 goblins
  2 hobgoblins
  5 kobolds
  4 frilled lizards
  A rat (D:1)
28 creatures vanquished.

Vanquished Creatures (others)
  4 toadstools (D:1)
4 creatures vanquished.

Grand Total: 32 creatures vanquished

Notes
Turn   | Place    | Note
-------+----------+-------------------------------------------
     0 | D:1      | Peloso the Demonspawn Fighter began the quest for the Orb.
     0 | D:1      | Reached XP level 1. HP: 18/18 MP: 1/1
    82 | D:1      | Gained mutation: You are partially covered in thin metallic scales. (AC +2) [demonic ancestry]
    82 | D:1      | Reached XP level 2. HP: 8/24 MP: 2/2
  1083 | D:2      | Reached XP level 3. HP: 16/29 MP: 3/3
  1368 | D:2      | Found an ancient bone altar of Kikubaaqudgha.
  1375 | D:2      | Found a transporter.
  1501 | D:2      | Found an iron altar of Okawaru.
  1538 | D:2      | Found a transporter.
  1540 | D:2      | Noticed Robin
  1545 | D:2      | Noticed Terence
  1570 | D:2      | HP: 1/29 [goblin/club[Robin] (4)]
  1571 | D:2      | Hit by a goblin thrown by Robin

Skill      XL: |  1  2 |
---------------+-------+-----
Long Blades    | 2 |  2.1
Armour         | 3 |  3.2
Fighting       | |  3.4
Dodging        | |  0.1
Stealth        | |  0.2
Shields        | |  2.9

Action                   || total
-------------------------++-------
Melee: Long sword        ||   119
  Use: Potion            ||     2
  Eat: Chunk             ||     2
Armor: Scale mail        ||    14
       Chain mail        ||    89
Dodge: Dodged            ||    35
Block: Shield            ||    72
       Rpst.: Long sword ||    14
